 Dungeon Crawl Stone Soup version 0.29.0-7-g18a832c13a (webtiles) character file.

Game seed: 1223221870320587559

79 gelatine the Sneak (level 4, -1/33 HPs)
             Began as a Demonspawn Brigand on Aug 30, 2022.
             Was a Plaything of Xom.
             Slain by a water moccasin (5 damage)
             ... on level 3 of the Dungeon.
             The game lasted 00:04:25 (2056 turns).

gelatine the Sneak (Demonspawn Brigand)             Turns: 2056, Time: 00:04:26

Health: -1/33      AC:  3    Str:  9 (11) XL:     4   Next: 16%
Magic:  4/4        EV: 12    Int: 13 (14) God:    Xom [...*..]
Gold:   204        SH:  0    Dex: 16 (17) Spells: 3/3 levels left

rFire   . . .      SeeInvis .   a - +2 dagger
rCold   . . .      Faith    .   (no shield)
rNeg    . . .      Spirit   .   b - +0 robe
rPois   .          Reflect  .   (no helmet)
rElec   .          Harm     .   c - +0 cloak
rCorr   .          Rampage  .   (no gloves)
Will    .....                   (no boots)
Stlth   +++.......              (no amulet)
HPRegen 0.11/turn               (no ring)
MPRegen 0.18/turn               (no ring)

@: lethally poisoned (-1 -> -21)
A: magic regeneration, big brain 1
a: Renounce Religion


You were on level 3 of the Dungeon.
You worshipped Xom.
You were a favourite toy of Xom.
You visited 1 branch of the dungeon, and saw 3 of its levels.

You collected 204 gold pieces.

Inventory:

Hand Weapons
 a - a +2 dagger (weapon)
 d - a +1 dagger of venom
 m - a +0 sling of flaming
Armour
 b - a +0 robe (worn)
 c - a +0 cloak (worn)
Scrolls
 f - a scroll of fear {unknown}
 g - 3 scrolls of teleportation {unknown}
 h - a scroll of enchant armour {unknown}
 l - a scroll of fog {unknown}
 n - a scroll of noise {unknown}
Potions
 k - a potion of flight {unknown}


   Skills:
 + Level 2.1 Fighting
 + Level 2.0 Short Blades
 + Level 3.3 Throwing
 + Level 1.0 Dodging
 + Level 4.1 Stealth


You had 3 spell levels left.
You didn't know any spells.
Your spell library contained the following spells:

 Spells                   Type           Power      Damage    Failure   Level
 Poisonous Vapours        Pois/Air       0%         N/A       43%         2
 Corpse Rot               Necr/Pois/Air  0%         N/A       97%         4


Dungeon Overview and Level Annotations

Branches:
Dungeon (3/15)

Altars:
Xom


Innate Abilities, Weirdness & Mutations

You regenerate magic rapidly.
You have an unusually large brain. (Int +2)


Message History

You hear Xom's avuncular chuckle.
The adder is moving more slowly.
You throw a curare-tipped dart.
The curare-tipped dart barely misses the water moccasin.
You throw a poisoned dart.
The poisoned dart closely misses the water moccasin.
The poisoned dart hits the adder.
The adder is poisoned.
Nothing quivered!
Nothing quivered!
You hit the water moccasin but do no damage.
The water moccasin bites you!
You hit the water moccasin.
The water moccasin is lightly wounded.
The water moccasin bites you.
You are poisoned.
The water moccasin poisons you!
You hit the water moccasin.
The water moccasin is moderately wounded.
You feel very sick. The water moccasin bites you.
You feel very sick. The adder bites you. The water moccasin barely misses you.
You hit the adder.
The adder is moderately wounded.
* * * LOW HITPOINT WARNING * * *
You feel sick. The adder bites you.
* * * LOW HITPOINT WARNING * * *
The water moccasin closely misses you. The adder bites you.
* * * LOW HITPOINT WARNING * * *
It was a potion of degeneration.
There was something very wrong with that liquid.
You feel weakened.
You feel dopey.
You feel clumsy.
Xom thinks this is hilarious!
* * * LOW HITPOINT WARNING * * *
You feel sick.
The adder stops moving altogether!
The water moccasin bites you.
* * * LOW HITPOINT WARNING * * *
You are more poisoned.
The water moccasin poisons you! The water moccasin bites you.
You die...
Xom bursts into laughter!

##.....# #...†...
#....... #....... ###
##.....# #.# ##...##
#.### #.######...#####.
#..(..##S...............
#(...(S@...# <######..
#########..##...# #..
#.......# #..
#.########## #..
#.###......###<.
#.###...............
#.....##.##.#.#.#..
#.####.##.#.........
#.##.......(#.#


You could see a water moccasin and an adder (petrified, poisoned).

Vanquished Creatures
  2 adders (D:2)
  3 worms (D:2)
  6 bats
  5 endoplasms
  A giant cockroach (D:1)
  3 goblins
  6 hobgoblins
  4 jackals (D:2)
  4 quokkas
  3 ball pythons
  3 frilled lizards
  6 kobolds
  3 rats
49 creatures vanquished.

Vanquished Creatures (others)
  A kobold (D:3)
1 creature vanquished.

Grand Total: 50 creatures vanquished

Notes
Turn   | Place    | Note
-------+----------+-------------------------------------------
     0 | D:1      | gelatine the Demonspawn Brigand began the quest for the
                  | Orb.
     0 | D:1      | Reached XP level 1. HP: 16/16 MP: 1/1
   142 | D:1      | Found a faded altar of an unknown god.
   150 | D:1      | Prayed at the altar of an unknown god.
   150 | D:1      | Became a worshipper of Xom the Elder Chaos God
   311 | D:1      | Gained mutation: You regenerate magic rapidly. [demonic
                  | ancestry]
   311 | D:1      | Reached XP level 2. HP: 22/22 MP: 2/2
   337 | D:1      | Reached skill level 4 in Stealth
   443 | D:1      | XOM: divination: detect creatures
   484 | D:1      | You fall into a shaft and drop 1 floor!
   604 | D:2      | Reached XP level 3. HP: 5/27 MP: 3/3
   832 | D:2      | XOM: divination: magic mapping
  1009 | D:2      | XOM: divination: detect items
  1528 | D:2      | Gained mutation: You have an unusually large brain. (Int
                  | +2) [demonic ancestry]
  1528 | D:2      | Reached XP level 4. HP: 33/33 MP: 4/4
  1536 | D:2      | Reached skill level 1 in Dodging
  1677 | D:3      | XOM: noise
  1810 | D:3      | XOM: 2-stop teleportation journey
  2045 | D:3      | Noticed a water moccasin
  2048 | D:3      | XOM: enchant monster (good)
  2056 | D:3      | Slain by a water moccasin

Illustrated notes

Levels and vault maps discovered:
D:1:      minmay_arrival_four_circles, layout_basic,
          chequers_ecumenical_altar_simple
D:2:      minmay_evil_eye, layout_basic
D:3:      kennysheep_six_static_rooms, layout_loops_cross, uniq_ijyb

Skill      XL: |  1  2  3  4 |
---------------+-------------+-----
Throwing       | 2 3 |  3.3
Stealth        | 4 |  4.1
Short Blades   | 2 |  2.0
Dodging        | 1 |  1.0
Fighting       | |  2.1

Action                   |  1- 3 |  4- 6 || total
-------------------------+-------+-------++-------
Melee: Dagger            |    58 |    18 ||    76
Throw: Dart              |   119 |    38 ||   157
  Use: Potion            |       |     1 ||     1
 Stab: Sleeping          |       |     1 ||     1
Armor: Robe              |    22 |     3 ||    25
Dodge: Dodged            |    40 |    20 ||    60
